 Dungeon Crawl Stone Soup version 0.32-a0-913-g739538afd8 (webtiles) character file.

Game seed: 15387161661233223549

1614 Autsider the Changeling (level 8, -5/78 HPs)
             Began as an Oni Hedge Wizard on Apr 8, 2024.
             Slain by a troll (11 damage)
             ... on level 5 of the Dungeon.
             The game lasted 00:15:03 (3453 turns).

Autsider the Changeling (Oni Hedge Wizard)          Turns: 3453, Time: 00:15:04

Health: -5/78      AC:  1    Str: 15    XL:     8   Next: 96%
Magic:  7/14       EV:  8    Int: 23    God:
Gold:   174        SH:  0    Dex:  8    Spells: 4/15 levels left

rFire   . . .        f - +2 shortbow (elec)
rCold   . . .        (shield currently unavailable)
rNeg    . . .        (body armour restricted)
rPois   .            c - melded +0 hat
rElec   .            (cloak currently unavailable)
rCorr   .            (gloves unavailable)
SInv    .            (boots unavailable)
Will    .....        (no amulet)
Stlth   +            b - +4 ring of slaying
HPRegen 0.33/turn    v - +6 ring of intelligence
MPRegen 0.14/turn

%: no passive effects
@: beast-form, inugami summoned
A: beast (slay +4), large, unfitting armour, horns 1, tough skin 1, double
potion healing, drunken brawling
a: Begin Untransformation


You were on level 5 of the Dungeon.
You were a hulking beast.
You visited 2 branches of the dungeon, and saw 6 of its levels.

You collected 196 gold pieces.
You spent 22 gold pieces at shops.

Inventory:

Hand Weapons
 f - a +2 shortbow of electrocution (weapon)
 m - a +2 dagger of venom
 F - a +3 short sword of venom
Missiles
 o - 5 atropa-tipped darts
 A - 3 curare-tipped darts
Armour
 c - a +0 hat (melded)
 u - a +0 cloak
 y - a +1 robe
Jewellery
 b - a +4 ring of slaying (left hand)
 i - a ring of protection from cold
 r - a ring of flight
 v - a +6 ring of intelligence (right hand)
 G - a ring of see invisible
Talismans
 k - a beast talisman (active)
 z - a maw talisman
Wands
 q - a wand of warping (12)
 x - a wand of flame (18)
 C - a wand of light (8)
Scrolls
 a - a scroll of butterflies
 g - 2 scrolls of fog {unknown}
 h - a scroll of enchant armour {unknown}
 l - a scroll of brand weapon {unknown}
 n - a scroll of amnesia
 p - a scroll of teleportation {@r2}
 t - a scroll of vulnerability
 w - a scroll of immolation
 E - 2 scrolls of torment {unknown}
Potions
 d - a potion of magic
 e - 4 potions of heal wounds {@q2}
 j - a potion of enlightenment
 s - a potion of mutation {unknown}
 B - 3 potions of curing {@q1}
 D - a potion of attraction {unknown}


   Skills:
 - Level 4.0 Fighting
 - Level 1.7 Dodging
 - Level 1.4 Stealth
 - Level 4.0 Spellcasting
 - Level 3.0 Conjurations
 - Level 3.0 Summonings
 + Level 2.5 Translocations
 + Level 2.5 Air Magic
 + Level 2.2 Alchemy
 - Level 7.0 Shapeshifting


You had 4 spell levels left.
You knew the following spells:

 Your Spells              Type           Power      Damage    Failure   Level
a - Magic Dart            Conj           72%        1d6       3%          1
w - Mephitic Cloud        Conj/Alch/Air  16%        N/A       11%         3
z - Blink                 Tloc           32%        N/A       5%          2
A - Call Canine Familiar  Summ           18%        N/A       9%          3
B - Call Imp              Summ           36%        N/A       4%          2

Your spell library contained the following spells:

 Spells                   Type           Power      Damage    Failure   Level
 Summon Small Mammal      Summ           72%        N/A       3%          1
 Cigotuvi's Dreadful Rot  Necr/Alch/Air  22%        N/A       9%          2
 Slow                     Hex            16%        N/A       11%         1
 Summon Blazeheart Golem  Fire/Summ      11%        N/A       50%         4


Dungeon Overview and Level Annotations

Branches:
Dungeon (5/15)             Temple (1/1) D:5

Altars:
Ashenzari
Elyvilon
Gozag
Kikubaaqudgha
Makhleb
Okawaru
Ru
Trog
Lugonu

Shops:
D:1 =?[**   D:3 *


Innate Abilities, Weirdness & Mutations

You are a hulking beast.
Your limbs bulge with bestial killing power. (Slay +4)
You are too large for most types of armour.
You have a pair of small horns on your head.
You have tough skin. (AC +1)
You gain doubled healing and magic from potions.
Whenever you drink a healing potion, you attack all around you.


Message History

The troll bites you! The troll claws you but does no damage.
The troll claws you.
You shoot an arrow. The arrow hits the troll!
The troll is almost dead.
Your cerulean imp hits the troll but does no damage.
Your cerulean imp barely misses the troll.
You shoot an arrow. The arrow barely misses the troll.
The troll bites your cerulean imp! The troll claws your cerulean imp!
Your cerulean imp dies!
Your cerulean imp disappears in a puff of smoke!
You shoot an arrow. The arrow closely misses the troll.
The troll bites you! The troll claws you! The troll claws you.
* * * LOW HITPOINT WARNING * * *
You are too injured to fight recklessly!
The troll attacks as it pursues you! The troll bites you!
* * * LOW HITPOINT WARNING * * *
The troll claws you.
* * * LOW HITPOINT WARNING * * *
The troll claws you.
* * * LOW HITPOINT WARNING * * *
Casting: Call Imp (safe; 4% risk of failure)
Confirm with . or Enter, or press ? or * to list all spells.
A tiny devil pulls itself out of the air.
The troll bites you!
* * * LOW HITPOINT WARNING * * *
The troll closely misses you. The troll barely misses you.
The troll bites your cerulean imp! The troll claws your cerulean imp.
The troll misses your cerulean imp.
Your cerulean imp barely misses the troll.
Your familiar recovers from its injuries.
The troll bites your cerulean imp!
Your cerulean imp dies!
Your cerulean imp disappears in a puff of smoke!
Casting: Call Imp (safe; 4% risk of failure)
Confirm with . or Enter, or press ? or * to list all spells.
You call for your canine familiar and it appears with a howl!
The troll attacks as it pursues you! The troll bites you!
* * * LOW HITPOINT WARNING * * *
The troll completely misses you. The troll claws you!
You die...

............#######.
.............# #.
#............# #.
#............# ##
#............#
#............#
#............#
#............#
#...hT.......########
#.....§..............
#...h.............$..
###########..†.......
#..........
#..........
#..........
###########


You could see a troll (ally target) and a friendly inugami (summoned).

Vanquished Creatures
  The ghost of NotYourErnst the Chiller, an amateur GrIE (D:3)
  A water moccasin (D:5)
  An ice beast (D:5)
  A centaur (D:5)
  Blork the orc (D:4)
  2 scorpions
  5 wights (D:4)
  A bombardier beetle (D:5)
  3 orc priests
  3 hounds
  Crazy Yiuf (D:3)
  Ijyb (D:4)
  2 iguanas
  3 orc wizards (D:5)
  9 adders
  3 ribbon worms
  4 dart slugs (D:2)
  14 orcs
  4 bats (D:2)
  4 endoplasms
  2 giant cockroaches
  2 hobgoblins
  3 jackals
  4 kobolds
  2 quokkas (D:2)
  6 ball pythons
  A frilled lizard (D:1)
  8 goblins
  7 rats
99 creatures vanquished.

Vanquished Creatures (collateral kills)
  A centaur (D:3)
  2 scorpions
  An orc wizard (D:5)
  4 orcs
8 creatures vanquished.

Grand Total: 107 creatures vanquished

Notes
Turn   | Place    | Note
-------+----------+-------------------------------------------
     0 | D:1      | Autsider the Oni Hedge Wizard began the quest for the Orb.
     0 | D:1      | Reached XP level 1. HP: 16/16 MP: 5/5
   109 | D:1      | Reached skill level 1 in Conjurations
   109 | D:1      | Reached skill level 1 in Summonings
   175 | D:1      | Found Puun's Assorted Antiques.
   203 | D:1      | Found Asac's General Store.
   384 | D:1      | Reached XP level 2. HP: 26/26 MP: 6/6
   413 | D:1      | Found Leany's Antique Armour Emporium.
   496 | D:1      | Reached skill level 1 in Fighting
   599 | D:1      | Found a transporter.
   599 | D:1      | Found Daful's Magic Scroll Shoppe.
   613 | D:1      | Found Ufomn's Jewellery Emporium.
   629 | D:1      | Found a transporter.
   713 | D:1      | Bought a scroll of identify for 22 gold pieces
   822 | D:2      | Reached XP level 3. HP: 35/35 MP: 6/8
   954 | D:2      | Reached XP level 4. HP: 40/42 MP: 10/10
  1057 | D:2      | Learned a level 3 spell: Call Canine Familiar
  1060 | D:2      | Learned a level 2 spell: Blink
  1064 | D:2      | Learned a level 3 spell: Mephitic Cloud
  1067 | D:2      | Learned a level 2 spell: Call Imp
  1082 | D:2      | Reached skill level 1 in Shapeshifting
  1342 | D:3      | Reached XP level 5. HP: 39/50 MP: 7/11
  1381 | D:3      | Found Kutyvu's Assorted Antiques.
  1449 | D:3      | Reached skill level 2 in Shapeshifting
  1456 | D:3      | Found a runed translucent door.
  1456 | D:3      | Noticed NotYourErnst's ghost (amateur GrIE)
  1456 | D:3      | Noticed a centaur
  1553 | D:3      | Reached XP level 6. HP: 46/61 MP: 7/12
  1622 | D:3      | Found a white marble altar of Elyvilon.
  1814 | D:3      | Found a runed translucent door.
  1815 | D:3      | Noticed Crazy Yiuf
  1830 | D:3      | Killed Crazy Yiuf
  1987 | D:3      | Killed NotYourErnst's ghost
  1988 | D:3      | Reached skill level 3 in Shapeshifting
  2004 | D:3      | Reached XP level 7. HP: 45/70 MP: 1/13
  2139 | D:4      | Noticed Ijyb
  2148 | D:4      | Noticed Blork the orc
  2163 | D:4      | Killed Ijyb
  2165 | D:4      | Killed Blork the orc
  2166 | D:4      | Reached skill level 4 in Shapeshifting
  2487 | D:4      | Reached skill level 5 in Shapeshifting
  2656 | D:4      | Reached XP level 8. HP: 78/78 MP: 14/14
  2664 | D:4      | Reached skill level 6 in Shapeshifting
  2811 | D:5      | Entered Level 5 of the Dungeon
  2883 | D:5      | Reached skill level 1 in Translocations
  2929 | D:5      | Reached skill level 1 in Air Magic
  2960 | D:5      | Reached skill level 1 in Alchemy
  3212 | D:5      | Reached skill level 7 in Shapeshifting
  3327 | D:5      | Found a staircase to the Ecumenical Temple.
  3333 | Temple   | Entered the Ecumenical Temple
  3428 | D:5      | Noticed a troll
  3453 | D:5      | Slain by a troll

Illustrated notes

Levels and vault maps discovered:
D:1:      matt_arrival_los_fun, layout_rooms, serial_shops,
          nicolae_shop_overgrown_old_shop, nicolae_shop_drivethru, shop,
          nicolae_shop_behind_doors, nicolae_shop_tiny_real_fake_doors,
          minmay_pentomino_z4
D:2:      layout_rooms, minmay_misc_feat_roman, solitary_fountain, st_stairs_10
D:3:      layout_rooms, elyvilon_altar_5, ebering_ghost_inner_flame,
          serial_shops, shop, uniq_crazy_yiuf_cottage
D:4:      layout_rooms, uniq_ijyb, uniq_blork_the_orc
D:5:      layout_basic, gammafunk_temple_overflow_wave,
          minmay_temple_entry_wispy, nrook_loot_triangle
Temple:   corrupted_temple

Skill      XL: |  1  2  3  4  5  6  7  8 |
---------------+-------------------------+-----
Conjurations   | 1 2 3 |  3.0
Summonings     | 1 2 3 |  3.0
Fighting       | 1 2 3 4 |  4.0
Spellcasting   | 4 |  4.0
Shapeshifting  | 1 2 3 5 7 |  7.0
Translocations | 2 |  2.5
Air Magic      | 2 |  2.5
Alchemy        | 2 |  2.2
Dodging        | |  1.7
Stealth        | |  1.4

Action                     |  1- 3 |  4- 6 |  7- 9 || total
---------------------------+-------+-------+-------++-------
   Fire: Shortbow          |    33 |    69 |   109 ||   211
   Cast: Magic Dart        |    13 |       |       ||    13
         Call Canine Famil |       |     9 |    13 ||    22
         Call Imp          |       |     2 |    12 ||    14
    Use: Scroll            |     2 |     1 |     4 ||     7
 Armour: Skin              |    10 |    18 |    32 ||    60
  Dodge: Dodged            |     9 |     7 |    23 ||    39
   Form: Beast             |       |     1 |       ||     1

Table legend: (Time is in decaauts)
 A = Elapsed time spent in this place.
 B = Non-inter-level travel time spent in this place.
 C = Inter-level travel time spent in this place.
 D = Time resting spent in this place.
 E = Time spent auto-exploring this place.
 F = Levels seen in this place.
 G = Mean time per level.
                   A        B        C        D        E       F      G
               +--------+--------+--------+--------+--------+-----+--------+
         Total |   3534 |   3395 |    139 |    469 |   2125 |   6 |  589.0 |
       Dungeon |   3532 |   3394 |    138 |    469 |   2125 |   5 |  706.4 |
        Temple |      1 |      0 |      1 |      0 |      0 |   1 |    1.0 |
               +--------+--------+--------+--------+--------+-----+--------+

Top non-repeatable levels by time:
     D:3: 807 daAuts
     D:1: 760 daAuts
     D:4: 753 daAuts
     D:5: 615 daAuts
     D:2: 595 daAuts
  Temple: 1 daAuts
